 Dungeon Crawl Stone Soup version 0.26.1-2-gb8aa6d0cf2 (webtiles) character file.

Game seed: 10372829179829371824

1626 H0rd4k the Cutter (level 9, -2/64 HPs)
             Began as a Human Artificer on Feb 25, 2021.
             Killed by divine providence
             ... invoked by an orc priest
              (13 damage)
             ... on level 6 of the Dungeon.
             The game lasted 00:11:13 (7397 turns).

H0rd4k the Cutter (Human Artificer)                 Turns: 7397, Time: 00:11:13

Health: -2/64      AC:  8    Str: 16    XL:     9   Next: 17%
Magic:  18/18      EV: 14    Int: 12    God:
Gold:   488        SH:  0    Dex: 13    Spells: 8/8 levels left

rFire    . . .     SeeInvis .   n - +2 dagger (drain)
rCold    . . .     Faith    .   (no shield)
rNeg     . . .     Spirit   .   b - +0 leather armour
rPois    .         Reflect  .   A - +2 helmet
rElec    .         Harm     +   l - scarf {harm}
rCorr    .         Rampage  .   u - +0 pair of gloves
Will     .....                  a - +0 pair of boots
Stlth    ++........             (no amulet)
HPRegen  0.20/turn              h - ring of magical power
MPRegen  0.16/turn              (no ring)

@: no status effects
A: no striking features
a: no special abilities


You were on level 6 of the Dungeon.
You visited 1 branch of the dungeon, and saw 6 of its levels.

You collected 488 gold pieces.

Inventory:

Hand Weapons
 n - a +2 dagger of draining (weapon)
 v - a +3 hand crossbow of freezing
Missiles
 t - 7 boomerangs (quivered)
 w - 17 bolts
Armour
 a - a +0 pair of boots (worn)
 b - a +0 leather armour (worn)
 l - a scarf of harm (worn)
 u - a +0 pair of gloves (worn)
 A - a +2 helmet (worn)
Jewellery
 h - a ring of magical power (left hand)
Wands
 c - a wand of flame (17)
 d - a wand of enslavement (11)
 e - a wand of random effects (15)
Scrolls
 j - 3 scrolls of teleportation
 k - 3 scrolls of blinking {unknown}
 m - 3 scrolls of fear
 o - 2 scrolls of magic mapping
 y - 2 scrolls of immolation {unknown}
 B - a scroll of remove curse
 C - a scroll of identify
 D - a scroll of enchant armour {unknown}
Potions
 f - a potion of haste
 g - 2 potions of degeneration
 i - a potion of lignification {unknown}
 p - 2 potions of brilliance
 q - 2 potions of attraction
 r - 4 potions of curing
 s - a potion of flight {unknown}
 x - a potion of mutation
 z - a potion of resistance {unknown}


   Skills:
 + Level 3.6 Fighting
 + Level 5.1 Short Blades
 * Level 4.8 Crossbows
 + Level 3.5 Armour
 + Level 4.5 Dodging
 + Level 3.4 Stealth
 + Level 4.6 Evocations


You had 8 spell levels left.
You didn't know any spells.
Your spell library was empty.

Dungeon Overview and Level Annotations

Branches:
Dungeon (6/15)
 Temple: D:4-7

Altars:
Ashenzari
Cheibriados
Kikubaaqudgha
Qazlal
Trog
Xom
The Shining One

Shops:
D:6 (

Annotations:
D:2 1 runed translucent door, exclusion: door, Crazy Yiuf


Message History

The orc is moderately wounded.
The orc barely misses you.
The orc priest mumbles some strange prayers to Beogh against you.
Beogh smites you!
You closely miss the orc.
The orc is moderately wounded.
The orc misses you.
You hit the orc.
The orc is severely wounded.
You hit the orc.
You kill the orc!
The orc priest mumbles some strange prayers to Beogh against you.
Pain shoots through your body!
The orc priest hits you with a +0 flail!
* * * LOW HITPOINT WARNING * * *
Items here: )) [[ ††.
You closely miss the orc priest.
The orc priest invokes the aid of Beogh against you.
Beogh smites you!
You die...

## ## .# ## .# .....#.##
o#. ...# ##.o #.#######
##... #.......#
#....###.#####.###
#.o@..#.......#
#######.###.#.# # #..#.#
##+# #. #.##.# ##...##
#.##.##.# ##.....##
#.......#### ##.......##
###........#
#.........####...#####.#
+.......>.'.÷).........


You could see an orc priest.

Vanquished Creatures
  An orc warrior (D:6)
  Eustachio (D:6)
  Menkaure (D:6)
  2 ogres
  An ice beast (D:5)
  A centaur (D:5)
  A bullfrog (D:6)
  A scorpion (D:6)
  4 wights (D:6)
  2 howler monkeys
  A centaur zombie (D:5)
  2 orc priests
  An orc wizard (D:6)
  An iguana (D:5)
  5 worker ants
  2 hound skeletons
  9 adders
  A gnoll (D:2)
  A white imp (D:5)
  An ooze (D:4)
  An adder zombie (D:5)
  An adder skeleton (D:4)
  8 worms
  2 dart slugs
  5 leopard geckos
  11 orcs
  3 ball pythons
  3 bats
  6 giant cockroaches
  2 goblins
  9 hobgoblins
  14 jackals
  7 quokkas
  A ball python skeleton (D:4)
  8 frilled lizards
  A jackal zombie (D:5)
  12 kobolds
  10 rats
143 creatures vanquished.

Vanquished Creatures (collateral kills)
  A scorpion (D:6)
  An orc priest (D:6)
  2 gnolls (D:2)
  An ooze (D:2)
  An orc (D:6)
6 creatures vanquished.

Vanquished Creatures (others)
  A gnoll (D:2)
  7 fungi (D:5)
  2 toadstools (D:5)
10 creatures vanquished.

Grand Total: 159 creatures vanquished

Notes
Turn   | Place    | Note
-------+----------+-------------------------------------------
     0 | D:1      | H0rd4k the Human Artificer began the quest for the Orb.
     0 | D:1      | Reached XP level 1. HP: 15/15 MP: 1/1
   449 | D:1      | Reached XP level 2. HP: 20/21 MP: 2/2
   929 | D:1      | Reached XP level 3. HP: 26/26 MP: 3/3
  1279 | D:2      | Reached XP level 4. HP: 27/32 MP: 4/4
  1806 | D:2      | Reached skill level 1 in Short Blades
  1833 | D:2      | Reached XP level 5. HP: 11/37 MP: 5/5
  2163 | D:2      | Found a runed translucent door.
  2164 | D:2      | Noticed Crazy Yiuf
  2624 | D:3      | Reached skill level 2 in Short Blades
  3140 | D:3      | Reached XP level 6. HP: 24/44 MP: 6/6
  3586 | D:3      | Found a snail-covered altar of Cheibriados.
  3589 | D:3      | Found a bloodstained altar of Trog.
  3847 | D:3      | Found a glowing golden altar of the Shining One.
  4308 | D:4      | Noticed an ogre
  4333 | D:4      | Killed an ogre
  4334 | D:4      | Reached skill level 3 in Short Blades
  4334 | D:4      | Reached XP level 7. HP: 44/50 MP: 7/7
  4561 | D:4      | Found a broken altar of Ashenzari.
  5035 | D:3      | Found an ancient bone altar of Kikubaaqudgha.
  5247 | D:5      | Entered Level 5 of the Dungeon
  5322 | D:5      | Reached skill level 4 in Short Blades
  5553 | D:5      | Reached skill level 1 in Crossbows
  5873 | D:5      | Reached XP level 8. HP: 42/57 MP: 8/8
  6376 | D:5      | Found a stormy altar of Qazlal.
  6631 | D:6      | Found a shimmering altar of Xom.
  6918 | D:6      | Found Seczeaxe's Weapon Boutique.
  6923 | D:6      | Noticed Menkaure
  6925 | D:6      | Killed Menkaure
  6926 | D:6      | Reached skill level 5 in Short Blades
  7033 | D:6      | Noticed Eustachio
  7080 | D:6      | HP: 2/58 [orc priest/divine providence (9)]
  7087 | D:6      | Reached XP level 9. HP: 15/64 MP: 9/9
  7114 | D:6      | Killed Eustachio
  7397 | D:6      | Killed from afar by an orc priest

Illustrated notes

Levels and vault maps discovered:
D:1:      dpeg_arrival_three_same_balls, layout_basic
D:2:      layout_rooms, serial_co_window_serial, co_window_corner_a,
          co_window_corner_a, co_window_paths_a, co_window_cross_1,
          co_window_corner_a, co_window_cross_4, co_window_unsneaky_path_e,
          co_window_corner_b, co_window_corner_b, co_window_of_opportunity_c,
          co_window_2corner, co_window_of_opportunity_b, co_window_paths_e,
          glass_columns_a, glass_columns_b, glass_columns_c, glass_columns_c,
          glass_columns_a, uniq_crazy_yiuf_cottage
D:3:      layout_loops_ring, nicolae_overflow_hidden_temple
D:4:      layout_loops_ring, marbit_many_paths, minmay_increasing_density
D:5:      layout_loops_corners, nicolae_qazlal_general_emergency,
          grunt_ministairs_15, minmay_gold_behind_fungi
D:6:      layout_loops_corners, general_overflow_altar, serial_shops, shop,
          uniq_eustachio, uniq_menkaure

Skill      XL: |  1  2  3  4  5  6  7  8  9 |
---------------+----------------------------+-----
Evocations     | 4 |  4.6
Short Blades   | 1 2 3 4 5 |  5.1
Dodging        | 2 3 4 |  4.5
Fighting       | 2 3 |  3.6
Armour         | 3 |  3.5
Stealth        | 2 3 |  3.4
Crossbows      | 1 3 4 |  4.8

Action                   |  1- 3 |  4- 6 |  7- 9 || total
-------------------------+-------+-------+-------++-------
Melee: Club              |    29 |       |       ||    29
       Short sword       |    17 |       |       ||    17
       Dagger            |    57 |   227 |   239 ||   523
 Fire: Hand crossbow     |       |       |    28 ||    28
Evoke: Wand              |     3 |     3 |     8 ||    14
  Use: Scroll            |       |       |    11 ||    11
       Potion            |       |       |     1 ||     1
 Stab: Sleeping          |     2 |     5 |     3 ||    10
       Distracted        |       |       |     1 ||     1
Armor: Leather armour    |    24 |    33 |    40 ||    97
Dodge: Dodged            |    58 |   118 |   132 ||   308
